 Dungeon Crawl Stone Soup version 0.29.0-4-gdea44cf6ec (webtiles) character file.

Game seed: 14334394681078735067

565 qw the Ruffian (level 7, -7/57 HPs)
             Began as a Ghoul Fire Elementalist on Aug 29, 2022.
             Mangled by Duvessa
             ... wielding a +0 rapier
              (9 damage)
             ... on level 4 of the Dungeon.
             The game lasted 00:03:36 (4858 turns).

qw the Ruffian (Ghoul Fire Elementalist)            Turns: 4858, Time: 00:03:36

Health: -7/57      AC: 11    Str: 14    XL:     7   Next: 32%
Magic:  8/8        EV:  4    Int: 10    God:
Gold:   277        SH:  0    Dex:  9    Spells: 8/9 levels left

rFire   + . .      SeeInvis +     - Unarmed
rCold   + + +      Faith    .   (no shield)
rNeg    + + +      Spirit   .   h - +0 plate armour
rPois   inf        Reflect  .   k - +0 hat of Daisies {SInv}
rElec   .          Harm     .   o - scarf {rC+ rF+}
rCorr   .          Rampage  .   (no gloves)
Will    .....                   (no boots)
Stlth   ..........              (no amulet)
HPRegen 0.00/turn               (no ring)
MPRegen 0.11/turn               g - ring of protection from cold

@: about to teleport, inhibited regen
A: claws 1, cold resistance 1, negative energy resistance 3, inhibited
regeneration, torment resistance 2, devour on kill
a: no special abilities


You were on level 4 of the Dungeon.
You visited 1 branch of the dungeon, and saw 4 of its levels.

You collected 277 gold pieces.


Innate Abilities, Weirdness & Mutations

You are immune to poison.
You have sharp fingernails.
Your flesh is cold resistant. (rC+)
You are immune to negative energy. (rN+++)
You do not regenerate when monsters are visible.
You are immune to unholy pain and torment.
You thrive by killing the living.


   Skills:
 - Level 3.2 Fighting
 - Level 1.1 Throwing
 - Level 2.3 Armour
 - Level 1.7 Dodging
 - Level 2.1 Stealth
 + Level 6.4 Unarmed Combat
 - Level 1.7 Spellcasting
 - Level 0.7 Conjurations
 - Level 2.4 Fire Magic


You had 8 spell levels left.
You knew the following spells:

 Your Spells              Type           Power      Damage    Failure   Level
a - Foxfire               Conj/Fire      16%        2x1d4     100%        1

Your spell library contained the following spells:

 Spells                   Type           Power      Damage    Failure   Level
 Scorch                   Fire           10%        2d5       100%        2
 Conjure Flame            Conj/Fire      4%         6-21      100%        3
 Inner Flame              Hex/Fire       3%         N/A       100%        3
 Flame Wave               Conj/Fire      4%         2d5       100%        4

Inventory:

Missiles
 m - 5 boomerangs (quivered)
 n - a javelin
Armour
 h - a +0 plate armour (worn)
 j - a +0 cloak
 k - the +0 hat of Daisies (worn) {SInv}
   (You found it on level 2 of the Dungeon)

   SInv:      It lets you see invisible.
 o - a scarf of resistance (worn)
 r - a +0 buckler
Jewellery
 d - a ring of resist corrosion
 e - a ring of protection from cold
 g - a ring of protection from cold (right claw)
Scrolls
 a - 4 scrolls of teleportation
 q - a scroll of identify
Potions
 b - a potion of resistance {unknown}
 c - 4 potions of curing
 f - a potion of brilliance {unknown}
 i - a potion of haste {unknown}
 l - a potion of heal wounds {unknown}
 p - a potion of might {unknown}

Dungeon Overview and Level Annotations

Branches:
Dungeon (4/15)
 Temple: D:4-7

Altars:

Annotations:
D:3 2 runed translucent doors, qw's ghost, amateur TeWr
D:4 Dowan; Duvessa


Message History

Duvessa is lightly wounded.
Duvessa hits you with a +0 rapier.
You scratch Duvessa but do no damage.
Duvessa is lightly wounded.
You claw Duvessa!
Duvessa is moderately wounded.
Duvessa barely misses you.
You claw Duvessa!
Duvessa is heavily wounded.
Duvessa hits you with a +0 rapier.
You scratch Duvessa but do no damage.
Duvessa is heavily wounded.
Duvessa hits you but does no damage. Dowan hits you but does no damage.
You closely miss Duvessa.
Duvessa is heavily wounded.
Duvessa hits you with a +0 rapier. Dowan hits you with a +0 dagger.
You closely miss Duvessa.
Duvessa is heavily wounded.
Duvessa hits you with a +0 rapier! Dowan hits you but does no damage.
You scratch Duvessa but do no damage.
Duvessa is heavily wounded.
Duvessa hits you but does no damage.
Dowan casts a spell.
Dowan blinks!
You scratch Duvessa but do no damage.
Duvessa is heavily wounded.
Duvessa hits you with a +0 rapier!
4855 ||| READING 5 scrolls of teleportation.
As you read the scroll of teleportation, it crumbles to dust.
You feel strangely unstable. Duvessa hits you with a +0 rapier.
You scratch Duvessa but do no damage.
Duvessa is heavily wounded.
Duvessa hits you with a +0 rapier. Dowan hits you but does no damage.
You scratch Duvessa but do no damage.
Duvessa is heavily wounded.
You claw Duvessa!
Duvessa is severely wounded.
Duvessa hits you with a +0 rapier!
You die...

## #...)...## <. #.##
##.##>.#.#..## ###. ....
#...#....##..##.... ....
......#####.#.....
...###....####<#...# .
#...............### #.
##..............######.
#.#.....##.###....)......
.......e@e..##...........
.......##....#...........
....... ###..............
....#.. #...........)..
... #.. ####.....##....
.. ##e #............ # ..
##..####..### e. ..##
#....#. ... ........


You could see Duvessa and Dowan.

Vanquished Creatures
  Sigmund (D:3)
  An ogre (D:4)
  A necrophage (D:4)
  2 hounds (D:4)
  An iguana (D:4)
  8 adders
  A white imp (D:4)
  2 worms
  4 dart slugs
  An orc (D:4)
  4 endoplasms
  5 giant cockroaches
  8 goblins
  3 hobgoblins
  6 jackals
  10 quokkas
  9 ball pythons
  4 bats
  4 frilled lizards
  6 kobolds
  8 rats
89 creatures vanquished.

Notes
Turn   | Place    | Note
-------+----------+-------------------------------------------
     0 | D:1      | qw the Ghoul Fire Elementalist began the quest for the Orb.
     0 | D:1      | Reached XP level 1. HP: 14/14 MP: 2/2
     0 | D:1      | 0 ||| qw: Version: 0.1-a-90-g952f4b7
     0 | D:1      | 0 ||| qw: Game counter: 3902
     0 | D:1      | 0 ||| qw: Always use a shield: true
     0 | D:1      | 0 ||| qw: God list: Okawaru
     0 | D:1      | 0 ||| qw: Allow faded altars: false
     0 | D:1      | 0 ||| qw: Do Orc after D:15 true
     0 | D:1      | 0 ||| qw: Do second Lair branch before Depths: true
     0 | D:1      | 0 ||| qw: Lair rune preference: random
     0 | D:1      | 0 ||| qw: Plans: Normal
     0 | D:1      | 0 ||| PLANNING D:1-11
   268 | D:1      | Reached skill level 1 in Unarmed Combat
   467 | D:1      | Reached XP level 2. HP: 19/22 MP: 3/3
   517 | D:1      | Reached skill level 1 in Fighting
   567 | D:1      | 567 ||| DROPPING potion of magic.
   568 | D:1      | 568 ||| Stepping randomly (stuck).
   672 | D:1      | 672 ||| Stepping ~*~*~tactically~*~*~ (hiding).
   774 | D:1      | 774 ||| Stepping ~*~*~tactically~*~*~ (hiding).
   876 | D:1      | 876 ||| Stepping ~*~*~tactically~*~*~ (hiding).
   978 | D:1      | 978 ||| Stepping ~*~*~tactically~*~*~ (hiding).
  1128 | D:1      | Reached skill level 2 in Unarmed Combat
  1565 | D:1      | Reached XP level 3. HP: 28/28 MP: 4/4
  1697 | D:1      | 1697 ||| UPGRADING to +0 ring mail.
  1707 | D:1      | 1707 ||| DROPPING +0 robe.
  1708 | D:1      | 1708 ||| UPGRADING to +0 plate armour.
  1718 | D:1      | 1718 ||| DROPPING +0 ring mail.
  1719 | D:1      | 1719 ||| READING 2 scrolls labelled JAENNA ABRIERI.
  1720 | D:1      | 1720 ||| READING scroll labelled YCSOCU QAMAO.
  1721 | D:1      | 1721 ||| READING scroll labelled GEUJAN OFEDEYXUELI.
  1726 | D:1      | 1726 ||| DROPPING scroll of vulnerability.
  1856 | D:2      | 1856 ||| Stepping ~*~*~tactically~*~*~ (hiding).
  1857 | D:2      | 1857 ||| Stepping ~*~*~tactically~*~*~ (hiding).
  1913 | D:2      | 1913 ||| FLEEEEING.
  1919 | D:2      | 1919 ||| FLEEEEING.
  2093 | D:2      | 2093 ||| Stepping ~*~*~tactically~*~*~ (stealth).
  2121 | D:2      | Reached skill level 3 in Unarmed Combat
  2131 | D:2      | HP: 7/28 [kobold/+0 spear (4)]
  2132 | D:2      | HP: 3/28 [kobold/+0 spear (4)]
  2661 | D:2      | Reached XP level 4. HP: 35/35 MP: 5/5
  2758 | D:2      | Reached skill level 1 in Armour
  3101 | D:2      | 3101 ||| Stepping ~*~*~tactically~*~*~ (outnumbered).
  3153 | D:2      | 3153 ||| Stepping ~*~*~tactically~*~*~ (hiding).
  3198 | D:2      | Identified the +0 hat of Daisies {SInv}
  3291 | D:2      | Found a faded altar of an unknown god.
  3436 | D:2      | Reached skill level 4 in Unarmed Combat
  3468 | D:2      | 3468 ||| UPGRADING to +0 cloak.
  3473 | D:2      | 3473 ||| UPGRADING to +0 hat of Daisies {SInv}.
  3478 | D:2      | 3478 ||| UPGRADING to ring of protection from cold.
  3479 | D:2      | 3479 ||| UPGRADING to ring of protection from cold.
  3480 | D:2      | 3480 ||| READING scroll labelled FOMASA JOTYMA.
  3481 | D:2      | 3481 ||| READING scroll labelled DIJOAM BULE.
  3482 | D:2      | 3482 ||| READING scroll labelled WYSALO IM KOE.
  3483 | D:2      | 3483 ||| DRINKING 3 dark potions.
  3596 | D:3      | Reached XP level 5. HP: 39/41 MP: 6/6
  3879 | D:3      | Noticed Sigmund
  3891 | D:3      | Killed Sigmund
  3892 | D:3      | Reached skill level 5 in Unarmed Combat
  3892 | D:3      | Reached XP level 6. HP: 35/48 MP: 7/7
  4001 | D:3      | Reached skill level 6 in Unarmed Combat
  4116 | D:3      | Found a large runed translucent door.
  4116 | D:3      | Found a large runed translucent door.
  4141 | D:3      | Noticed qw's ghost (amateur TeWr)
  4259 | D:3      | 4259 ||| UPGRADING to scarf of resistance.
  4269 | D:3      | 4269 ||| REMOVING ring of protection from cold.
  4270 | D:3      | 4270 ||| READING 2 scrolls labelled QYTHUGOOSU.
  4271 | D:3      | 4271 ||| READING 2 scrolls labelled ONILERPHAUX.
  4272 | D:3      | 4272 ||| READING scroll labelled CALUOZ TODOEFATAQ.
  4273 | D:3      | 4273 ||| READING scroll labelled EHOMEA ERIGAOG.
  4274 | D:3      | 4274 ||| DROPPING scroll of immolation.
  4304 | D:4      | Reached skill level 3 in Fighting
  4511 | D:4      | Reached XP level 7. HP: 57/57 MP: 8/8
  4610 | D:4      | 4610 ||| Stepping ~*~*~tactically~*~*~ (stealth).
  4611 | D:4      | 4611 ||| Stepping ~*~*~tactically~*~*~ (stealth).
  4612 | D:4      | 4612 ||| Stepping ~*~*~tactically~*~*~ (stealth).
  4613 | D:4      | 4613 ||| Stepping ~*~*~tactically~*~*~ (stealth).
  4617 | D:4      | Reached skill level 1 in Throwing
  4835 | D:4      | Noticed Duvessa
  4835 | D:4      | Noticed Dowan
  4836 | D:4      | 4836 ||| Stepping ~*~*~tactically~*~*~ (hiding).
  4854 | D:4      | HP: 7/57 [Duvessa/+0 rapier (9)]
  4855 | D:4      | 4855 ||| READING 5 scrolls of teleportation.
  4855 | D:4      | HP: 3/57 [Duvessa/+0 rapier (4)]
  4858 | D:4      | Mangled by Duvessa

Levels and vault maps discovered:
D:1:      dpeg_arrival_castle, layout_loops_ring, minmay_pentomino_w4
D:2:      minmay_skewed_foursquare, layout_basic,
          shapermc_ecumenical_altar_petra, minmay_joined_circles
D:3:      layout_basic, ebering_ghost_disaster_area, kennysheep_generic_room_6,
          uniq_sigmund
D:4:      layout_cave_pools, minmay_temple_entry_grid, uniq_duvessa

Skill      XL: |  1  2  3  4  5  6  7 |
---------------+----------------------+-----
Unarmed Combat | 1 2 3 4 5 6 |  6.4
Fighting       | 1 2 3 |  3.2
Armour         | 1 2 |  2.3
Throwing       | 1 |  1.1
Dodging        | |  1.7
Stealth        | |  2.1
Spellcasting   | |  1.7
Conjurations   | |  0.7
Fire Magic     | |  2.4

Action                   |  1- 3 |  4- 6 |  7- 9 || total
-------------------------+-------+-------+-------++-------
Melee: Unarmed           |   179 |   146 |    61 ||   386
       Punch             |     2 |     5 |     1 ||     8
Throw: Javelin           |       |    14 |     3 ||    17
       Boomerang         |       |    12 |     8 ||    20
  Use: Scroll            |     3 |     7 |     1 ||    11
       Potion            |       |     1 |       ||     1
Armor: Robe              |    18 |       |       ||    18
       Plate armour      |    96 |    93 |    34 ||   223
Dodge: Dodged            |    61 |    16 |    10 ||    87

Table legend:
 A = Non-vault XP
 B = Vault XP
 C = Vault XP percentage of total XP
 D = Non-vault monster count
 E = Vault monster count
 F = Vault count percentage of total count
                 A         B        C        D         E       F
            +---------+---------+-------+---------+---------+-------
      Total |     530 |     278 |  34.4 |      63 |      26 |  29.2
            +---------+---------+-------+---------+---------+-------
        D:1 |      29 |       5 |  14.7 |      17 |       4 |  19.0
        D:2 |      67 |      36 |  35.0 |      25 |      19 |  43.2
        D:3 |      53 |     237 |  81.7 |       8 |       3 |  27.3
        D:4 |     381 |       0 |   0.0 |      13 |       0 |   0.0
            +---------+---------+-------+---------+---------+-------
